 Dungeon Crawl Stone Soup version 0.29.1-2-gbd0b4ee654 (webtiles) character file.

Game seed: 18345313204826495255

41 croobank the Caller (level 3, -1/15 HPs)
             Began as a Felid Summoner on Nov 9, 2022.
             Hit by a goblin thrown by Robin (2 damage)
             ... on level 2 of the Dungeon.
             The game lasted 00:07:53 (2031 turns).

croobank the Caller (Felid Summoner)                Turns: 2031, Time: 00:07:54

Health: -1/15      AC:  1    Str:  4    XL:     3   Next: 32%
Magic:  5/7        EV: 18    Int: 18    God:
Gold:   58         SH:  0    Dex: 16    Spells: 3/6 levels left
                                        Lives:  0   Deaths: 0

rFire   . . .      SeeInvis +   (weapon unavailable)
rCold   . . .      Faith    .   (shield unavailable)
rNeg    . . .      Spirit   .   (body armour unavailable)
rPois   .          Reflect  .   (helmet unavailable)
rElec   .          Harm     .   (cloak unavailable)
rCorr   .          Rampage  .   (gloves unavailable)
Will    .....                   (boots unavailable)
Stlth   ++........              (no amulet)
HPRegen 0.05/turn               (no ring)
MPRegen 0.10/turn               (no ring)

@: hasted, very quick
A: very small, claws 1, fangs 3, see invisible, speed 1, shaggy fur 1, stealthy
paws, no weapons or thrown items, no armour, multi-lived
a: no special abilities


You were on level 2 of the Dungeon.
You visited 1 branch of the dungeon, and saw 2 of its levels.

You collected 58 gold pieces.

Inventory:

Scrolls
 a - a scroll of silence {unknown}
 b - a scroll of amnesia {unknown}
 d - a scroll of identify {unknown}
 g - a scroll of blinking {unknown}
 h - a scroll of fear {unknown}
Potions
 c - 2 potions of haste
 e - a potion of resistance {unknown}
 f - a potion of curing {unknown}


   Skills:
 + Level 1.2 Fighting
 + Level 3.4 Dodging
 - Level 2.6 Stealth
 + Level 2.4 Spellcasting
 + Level 4.3 Summonings


You had 3 spell levels left.
You knew the following spells:

 Your Spells              Type           Power      Damage    Failure   Level
a - Summon Small Mammal   Summ           68%        N/A       3%          1
b - Call Imp              Summ           17%        N/A       4%          2

Your spell library contained the following spells:

 Spells                   Type           Power      Damage    Failure   Level
 Call Canine Familiar     Summ           17%        N/A       9%          3
 Apportation              Tloc           4%         N/A       17%         1
 Necrotise                Necr           8%         1d4       17%         1
 Summon Guardian Golem    Hex/Summ       9%         N/A       22%         3
 Summon Lightning Spire   Summ/Air       9%         N/A       56%         4


Dungeon Overview and Level Annotations

Branches:
Dungeon (2/15)

Altars:

Annotations:
D:2 Robin


Innate Abilities, Weirdness & Mutations

You have sharp claws.
You have razor-sharp teeth.
You have supernaturally acute eyesight. (SInv)
You cover ground quickly. (Speed+)
You are covered in fur. (AC +1)
Your paws help you pounce on unaware monsters.
You are incapable of wielding weapons or throwing items.
You cannot wear armour.
You gain extra lives every three experience levels.


Message History

Your quokka disappears in a puff of smoke!
Your quokka disappears in a puff of smoke!
A goblin comes into view. It is wielding a +0 club.
Casting: Summon Small Mammal (safe; 3% risk of failure)
Confirm with . or Enter, or press ? or * to list all spells.
The goblin shouts!
You hear a shout! x3
The goblin unwields a +0 club.
The goblin wields a +0 sling.
The goblin shoots a sling bullet.
The sling bullet hits you.
You hear a shout!
Casting: Summon Small Mammal (safe; 3% risk of failure)
Confirm with . or Enter, or press ? or * to list all spells.
A beastly little devil appears in a puff of flame.
The goblin shoots a sling bullet.
The sling bullet hits your crimson imp.
Casting: Call Imp (safe; 4% risk of failure)
Confirm with . or Enter, or press ? or * to list all spells.
Robin of the Strong Arm comes into view.
They are wielding a +0 club.
The goblin shoots a sling bullet.
The sling bullet misses your crimson imp.
The sling bullet hits you.
You hear a shout!
You swap places.
Your rat closely misses Robin.
Your crimson imp hits Robin but does no damage.
Robin roars a battlecry!
Your crimson imp hits Robin.
Your rat completely misses Robin.
You hear a shout!
An endoplasm comes into view.
You swap places.
Your quokka disappears in a puff of smoke!
The endoplasm quivers.
The endoplasm freezes you.
You are frozen.
* * * LOW HITPOINT WARNING * * *
You scratch the endoplasm but do no damage.
The endoplasm hits you.
* * * LOW HITPOINT WARNING * * *
The goblin shoots a sling bullet.
The sling bullet closely misses you.
It was a potion of haste.
You feel yourself speed up. Robin throws the goblin at you!
You die...

... .......#g#####.# ...
......!#r5r..r.# ..
.......#######.# ..
.###### #.# .### #### #.#
..# ..# #######5# #.# #.#
#.###.......# #.#
#J#####.#...####### ..#.#
#.@g...g.g### ## #.#.#
####...r.## #
..##.#.#######.....#
.#.#.#....##....##
#.#.#....#.....# #
####....).........# ###
#......#..........##
..##..#....#............#
#.##.##....####.........#


You could see Robin, an endoplasm (ally target), 2 goblins and a friendly rat
(summoned).

Vanquished Creatures
  A rat (D:1)
1 creature vanquished.

Vanquished Creatures (collateral kills)
  An adder (D:2)
  A worm (D:2)
  2 ball pythons (D:1)
  A giant cockroach (D:2)
  5 goblins
  4 hobgoblins
  5 quokkas (D:1)
  2 bats (D:1)
  4 frilled lizards
  2 rats (D:1)
27 creatures vanquished.

Grand Total: 28 creatures vanquished

Notes
Turn   | Place    | Note
-------+----------+-------------------------------------------
     0 | D:1      | croobank the Felid Summoner began the quest for the Orb.
     0 | D:1      | Reached XP level 1. HP: 7/7 MP: 4/4
   675 | D:1      | Reached XP level 2. HP: 12/12 MP: 3/6
   682 | D:1      | Learned a level 2 spell: Call Imp
   760 | D:1      | Found a faded altar of an unknown god.
  1299 | D:1      | Reached skill level 1 in Fighting
  1476 | D:2      | Reached XP level 3. HP: 13/15 MP: 2/7
  1999 | D:2      | Noticed Robin
  2031 | D:2      | Hit by a goblin thrown by Robin

Illustrated notes

Levels and vault maps discovered:
D:1:      dpeg_arrival_snail, layout_loops_ring,
          shapermc_ecumenical_altar_totnotflames
D:2:      layout_basic, serial_aquarium, aquarium_bridge_long_joined
          [aquarium_subvault_window, aquarium_subvault_bridge,
          aquarium_subvault_wall, aquarium_subvault_bridge,
          aquarium_subvault_window, aquarium_subvault_wall],
          aquarium_bridge_island_small [aquarium_subvault_small_open,
          aquarium_subvault_wall, aquarium_subvault_bridge,
          aquarium_subvault_wall, aquarium_subvault_window],
          aquarium_window_fake, aquarium_window_fake, aquarium_view_2g,
          aquarium_pool_2, uniq_robin

Skill      XL: |  1  2 |
---------------+-------+-----
Dodging        | 3 |  3.4
Fighting       | 1 |  1.2
Stealth        | |  2.6
Spellcasting   | |  2.4
Summonings     | |  4.3

Action                   || total
-------------------------++-------
Melee: Unarmed           ||     9
 Cast: Summon Small Mamm ||    57
       Call Imp          ||    14
  Use: Potion            ||     2
Dodge: Dodged            ||    23
